 Dungeon Crawl Stone Soup version 0.29.0-5-ge4962eb29e (webtiles) character file.

Game seed: 3850358542197564623

36 sanka the Chopper (level 3, -9/31 HPs)
             Began as a Meteoran Delver on Aug 28, 2022.
             Killed by divine providence
             ... invoked by an orc priest
              (16 damage)
             ... on level 4 of the Dungeon.
             The game lasted 00:01:21 (189 turns).

sanka the Chopper (Meteoran Delver)                  Turns: 189, Time: 00:01:22

Health: -9/31      AC:  4    Str: 16    XL:     3   Next: 82%
Magic:  4/4        EV: 12    Int: 11    God:
Gold:   14         SH:  0    Dex: 15    Spells: 2/2 levels left

rFire   . . .      SeeInvis .   a - +0 hand axe
rCold   . . .      Faith    .   (no shield)
rNeg    . . .      Spirit   .   b - +0 leather armour
rPois   .          Reflect  .   (no helmet)
rElec   .          Harm     .   e - +0 cloak
rCorr   .          Rampage  .   (no gloves)
Will    .....                   (no boots)
Stlth   +.........              (no amulet)
HPRegen 0.10/turn               (no ring)
MPRegen 0.09/turn               (no ring)

@: confused, hasted, glowing, very quick
A: sense surroundings 1, otherworldly, glowing, explore regen
a: no special abilities


You were on level 4 of the Dungeon.
You visited 1 branch of the dungeon, and saw 2 of its levels.

You collected 14 gold pieces.


Innate Abilities, Weirdness & Mutations

You passively map a small area around you.
You are easily found by Zot.
You glow in the dark.
You regain HP and MP as you explore.


   Skills:
 - Level 3.2 Fighting
 + Level 4.5 Axes
 - Level 2.4 Dodging
 - Level 3.7 Stealth


You had 2 spell levels left.
You didn't know any spells.
Your spell library was empty.

Inventory:

Hand Weapons
 a - a +0 hand axe (weapon)
Armour
 b - a +0 leather armour (worn)
 e - a +0 cloak (worn)
Jewellery
 h - a ring of ice
Wands
 g - a wand of digging (3)
Scrolls
 c - a scroll of fog
 d - a scroll of magic mapping
Potions
 i - a potion of curing {unknown}

Dungeon Overview and Level Annotations

Branches:
Dungeon (5/15) Zot: 1025
 Temple: D:4-7

Altars:

Annotations:
D:4 exclusion: wyvern

░ .............▒. ,
░......<......<£
▒............▒▒░ ,
▒.............▒░ ░ ,
▒▒............. ,
▒.............. ░ , ,
▒...oo...o..▒ , , ░
░▒.▒░▒o▒░ ░ ▒▒▒▒▒.▒░ ▒.▒
▒p▒ ........ ▒.▒ ▒.▒
........▒░ ▒.▒▒▒.▒ .▒▒. ,
........▒▒ ▒...▒o▒▒▒▒▒.▒..
,
.........▒▒▒▒▒...........▒
░
.........................
, .........▒▒▒▒▒.........▒
░ ........▒▒▒▒▒▒▒........▒
......................▒▒
.. ░


You could see 2 orc priests and an orc.


Message History

You hit the orc priest but do no damage.
The orc priest is moderately wounded.
You miss something. Something hits you.
* * * LOW HITPOINT WARNING * * *
The orc priest hits you with a +0 club.
* * * LOW HITPOINT WARNING * * *
Unknown command.
You hit the orc priest.
The orc priest is heavily wounded.
You hit something.
Unknown command.
You barely miss the orc priest.
The orc priest is heavily wounded.
You completely miss something.
You hear some strange, mumbled words.
You are confused.
The orc priest barely misses you.
You are too confused!
You are too confused!
Unknown command.
You barely miss the orc priest.
The orc priest is heavily wounded.
You closely miss something. The orc priest hits you with a +0 club.
* * * LOW HITPOINT WARNING * * *
The orc priest calls down the wrath of Beogh upon you.
Beogh smites you!
Ouch! That really hurt!
You die...

Action                   || total
-------------------------++-------
Melee: Hand axe          ||    46
       Punch             ||     1
  Use: Scroll            ||     1
       Potion            ||     2
Armor: Leather armour    ||    10
Dodge: Dodged            ||    25

Levels and vault maps discovered:
D:4:      layout_rooms, chequers_decorated_corner,
          minmay_misc_feat_four_crosses, uniq_blork_the_orc
D:5:      layout_rooms, uniq_duvessa

Notes
Turn   | Place    | Note
-------+----------+-------------------------------------------
     0 | D:5      | sanka the Meteoran Delver began the quest for the Orb.
     0 | D:5      | Reached XP level 1. HP: 19/19 MP: 2/2
    90 | D:4      | Reached skill level 3 in Axes
    90 | D:4      | Reached XP level 2. HP: 15/26 MP: 3/3
    95 | D:4      | Noticed a hound
   108 | D:4      | Noticed a wyvern
   127 | D:4      | Killed a hound
   128 | D:4      | Reached skill level 4 in Axes
   128 | D:4      | Reached XP level 3. HP: 18/31 MP: 4/4
   189 | D:4      | Killed from afar by an orc priest

Vanquished Creatures
  A hound (D:4)
  An orc (D:4)
  2 goblins (D:4)
  2 kobolds (D:4)
  2 ball pythons (D:4)
8 creatures vanquished.
